 Dungeon Crawl Stone Soup version 0.28-a0-1130-gc51a68064b (webtiles) character file.

Game seed: 6182681255751468712

306 ders the Digger (level 6, -1/32 HPs)
             Began as a Gargoyle Earth Elementalist on Dec 12, 2021.
             Slain by an orc wizard (3 damage)
             ... while paralysed by an orc
             ... on level 4 of the Dungeon.
             The game lasted 00:04:36 (5045 turns).

ders the Digger (Gargoyle Earth Elementalist)       Turns: 5045, Time: 00:04:37

Health: -1/32      AC:  8    Str: 12    XL:     6   Next: 39%
Magic:  3/11       EV:  2    Int: 17    God:
Gold:   112        SH:  0    Dex: 10    Spells: 8/12 levels left

rFire   . . .      SeeInvis .   a - +0 dagger
rCold   . . .      Faith    .   (no shield)
rNeg    + . .      Spirit   .   b - +0 robe
rPois   ∞          Reflect  .   (no helmet)
rElec   +          Harm     .   i - +0 cloak
rCorr   .          Rampage  .   (no gloves)
Will    .....                   j - +0 pair of boots
Stlth   ++........              (no amulet)
HPRegen 0.10/turn               (no ring)
MPRegen 0.12/turn               (no ring)

@: paralysed
A: sickness immunity, AC +4, negative energy resistance 1, electricity
resistance, torment resistance 1, petrification resistance
a: no special abilities


You were on level 4 of the Dungeon.
You visited 1 branch of the dungeon, and saw 4 of its levels.

You collected 112 gold pieces.

Inventory:

Hand Weapons
 a - a +0 dagger (weapon)
Armour
 b - a +0 robe (worn)
 i - a +0 cloak (worn)
 j - a +0 pair of boots (worn)
Scrolls
 c - 2 scrolls of teleportation
 g - a scroll of identify
Potions
 d - a potion of brilliance
 e - a potion of mutation {unknown}
 f - a potion of attraction {unknown}


   Skills:
 - Level 1.5 Dodging
 - Level 2.1 Stealth
 + Level 3.7 Spellcasting
 + Level 3.7 Conjurations
 - Level 0.7 Transmutations
 + Level 5.7 Earth Magic


You had 8 spell levels left.
You knew the following spells:

 Your Spells              Type           Power      Damage    Failure   Level
a - Sandblast             Erth           44%        2d11      1%          1
b - Stone Arrow           Conj/Erth      38%        3d9       7%          3

Your spell library contained the following spells:

 Spells                   Type           Power      Damage    Failure   Level
 Passwall                 Tmut/Erth      11%        N/A       7%          2
 Animate Skeleton         Necr           6%         N/A       16%         1
 Pain                     Necr           12%        1d4       16%         1
 Corpse Rot               Necr/Air       6%         N/A       24%         2
 Petrify                  Tmut/Erth      14%        N/A       41%         4
 Vampiric Draining        Necr           3%         2d6       43%         3
 Dispel Undead            Necr           3%         3d7       85%         4
 Death Channel            Necr           1%         N/A       100%        6


Dungeon Overview and Level Annotations

Branches:
Dungeon (4/15)
 Temple: D:4-7

Altars:
Uskayaw

Shops:
D:3 ?(


Innate Abilities, Weirdness & Mutations

You are immune to sickness and miasma.
Your stone body is resilient. (AC +4)
You are immune to poison.
You resist negative energy. (rN+)
You are resistant to electric shocks. (rElec)
You are resistant to unholy torment.
You are immune to petrification.


Message History

You miss something. Something hits you but does no damage.
The orc hits you but does no damage. The orc hits you with a +0 short sword.
You miss something. Something hits you. The orc closely misses you.
The orc hits you but does no damage.
You barely miss something. Something hits you but does no damage.
The orc hits you but does no damage. The orc closely misses you.
Casting: Sandblast (safe; 1% risk of failure)
Confirm with . or Enter, or press ? or * to list all spells.
You don't have any stones to cast with.
You miss something. Something hits you but does no damage.
The orc barely misses you. The orc hits you but does no damage.
Casting: Sandblast (safe; 1% risk of failure)
Confirm with . or Enter, or press ? or * to list all spells.
You don't have any stones to cast with.
Casting: Sandblast (safe; 1% risk of failure)
Confirm with . or Enter, or press ? or * to list all spells.
You don't have enough magic to cast this spell.
Unknown command.
You closely miss something. Something hits you but does no damage.
The orc barely misses you. The orc hits you with a +0 short sword.
You hit something. Something hits you. The orc closely misses you.
The orc hits you but does no damage.
You hit something but do no damage. Something hits you but does no damage.
The orc hits you with a +0 flail. The orc hits you but does no damage.
You closely miss something. Something hits you but does no damage.
The orc barely misses you. The orc closely misses you.
You barely miss something. Something hits you.
The orc hits you but does no damage. The orc hits you with a +0 short sword.
You miss something. Something hits you but does no damage.
The orc zaps a wand.
You suddenly lose the ability to move!
The orc hits you but does no damage. Something hits you.
* * * LOW HITPOINT WARNING * * *
The orc barely misses you. The orc hits you but does no damage.
Something hits you.
* * * LOW HITPOINT WARNING * * *
The orc hits you with a +0 flail.
* * * LOW HITPOINT WARNING * * *
The orc hits you but does no damage. Something hits you.
You die...

... #.. ...
#.## ...#
#.#####..####..
#.......o......
#..@{......
#.....o####..
###.#.## #...##
#.# . ## #. .#
#


You could see 2 orcs.

Vanquished Creatures
  The ghost of croobank the Conjurer, an amateur OpCj of the Shining One (D:3)
  Crazy Yiuf (D:2)
  Natasha (D:2)
  An orc wizard (D:3)
  6 adders
  A worm (D:2)
  5 dart slugs
  3 orcs
  7 endoplasms
  2 giant cockroaches
  5 goblins
  6 hobgoblins
  2 jackals (D:2)
  7 kobolds
  4 quokkas
  8 ball pythons
  10 bats
  13 frilled lizards
  10 rats
93 creatures vanquished.

Vanquished Creatures (others)
  7 plants (D:2)
7 creatures vanquished.

Grand Total: 100 creatures vanquished

Notes
Turn   | Place    | Note
-------+----------+-------------------------------------------
     0 | D:1      | ders the Gargoyle Earth Elementalist began the quest for
                  | the Orb.
     0 | D:1      | Reached XP level 1. HP: 10/10 MP: 3/3
    92 | D:1      | Reached XP level 2. HP: 15/15 MP: 0/5
   263 | D:1      | Reached skill level 1 in Conjurations
   345 | D:1      | Reached skill level 4 in Earth Magic
   709 | D:1      | Reached XP level 3. HP: 19/19 MP: 4/6
  1076 | D:1      | Learned a level 3 spell: Stone Arrow
  1730 | D:2      | Reached XP level 4. HP: 24/24 MP: 1/8
  2187 | D:2      | Found a faded altar of an unknown god.
  2690 | D:2      | Reached XP level 5. HP: 26/28 MP: 2/9
  3012 | D:2      | Noticed Natasha
  3016 | D:2      | Killed Natasha
  3017 | D:2      | Reached skill level 5 in Earth Magic
  3136 | D:2      | Found a runed translucent door.
  3137 | D:2      | Noticed Crazy Yiuf
  3152 | D:2      | Killed Crazy Yiuf
  3951 | D:3      | Found Puhaot's Weapon Shoppe.
  3959 | D:3      | Found Ogumem's Magic Scroll Shoppe.
  4011 | D:3      | Found a hide-covered altar of Uskayaw.
  4228 | D:3      | Found a large runed translucent door.
  4228 | D:3      | Found a large runed translucent door.
  4266 | D:3      | Reached XP level 6. HP: 32/32 MP: 2/11
  4571 | D:3      | Noticed croobank's ghost (amateur OpCj)
  4921 | D:3      | Killed croobank's ghost
  5042 | D:4      | Paralysed by an orc for 4 turns
  5045 | D:4      | Slain by an orc wizard

Illustrated notes

Levels and vault maps discovered:
D:1:      elethiomel_arrival_diamonds, layout_basic
D:2:      layout_basic, nicolae_ecumenical_snake_handling, chequers_big_river,
          minmay_lizard_pond, uniq_crazy_yiuf_cottage, uniq_natasha
D:3:      layout_loops_cross, nicolae_uskayaw_murder_on_the_dancefloor,
          ebering_ghost_disaster_area, serial_shops,
          nicolae_shop_advertising_works [nicolae_subvault_shop_adworks], shop,
          minmay_misc_feat_tiny, amcnicky_mini_rare_corridor_liquid
D:4:      corexii_shack_village, layout_loops_corners, lemuel_crystal_altar,
          mainiacjoe_overflow_24_doors, portal_sewer_entry_e,
          minmay_misc_feat_rows, uniq_sigmund

Skill      XL: |  1  2  3  4  5 |
---------------+----------------+-----
Conjurations   | 1 2 3 |  3.7
Earth Magic    | 4 5 |  5.7
Spellcasting   | 3 |  3.7
Dodging        | |  1.5
Stealth        | |  2.1
Transmutations | |  0.7

Action                   |  1- 3 |  4- 6 || total
-------------------------+-------+-------++-------
Melee: Unarmed           |     3 |       ||     3
       Dagger            |    27 |    97 ||   124
 Cast: Sandblast         |    36 |     4 ||    40
       Stone Arrow       |    10 |    58 ||    68
  Use: Scroll            |       |     4 ||     4
 Stab: Sleeping          |     1 |       ||     1
Armor: Robe              |    22 |    55 ||    77
Dodge: Dodged            |    24 |    64 ||    88

Table legend: (Time is in decaauts)
 A = Elapsed time spent in this place.
 B = Non-inter-level travel time spent in this place.
 C = Inter-level travel time spent in this place.
 D = Time resting spent in this place.
 E = Time spent auto-exploring this place.
 F = Levels seen in this place.
 G = Mean time per level.
                   A        B        C        D        E       F      G
               +--------+--------+--------+--------+--------+-----+--------+
         Total |   5055 |   4932 |    123 |    691 |   3712 |   4 | 1263.8 |
       Dungeon |   5055 |   4932 |    123 |    691 |   3712 |   4 | 1263.8 |
               +--------+--------+--------+--------+--------+-----+--------+

Top non-repeatable levels by time:
     D:2: 1998 daAuts
     D:1: 1649 daAuts
     D:3: 1379 daAuts
     D:4: 27 daAuts
